 Dungeon Crawl Stone Soup version 0.28-a0-413-gde365fb1df (webtiles) character file.

Game seed: 8653254672153337413

108 Zenkrye the Ruffian (level 4, 0/44 HPs)
             Began as an Ogre Transmuter on Sept 7, 2021.
             Slain by an ice beast (4 damage)
             ... on level 5 of the Dungeon.
             The game lasted 00:06:08 (1926 turns).

Zenkrye the Ruffian (Ogre Transmuter)               Turns: 1926, Time: 00:06:08

Health: 0/44       AC:  2    Str: 14    XL:     4   Next: 87%
Magic:  6/8        EV: 19    Int: 15    God:
Gold:   70         SH:  0    Dex: 20    Spells: 5/9 levels left

rFire   . . .      SeeInvis .     - Unarmed
rCold   . . .      Faith    .   (shield currently unavailable)
rNeg    . . .      Spirit   .   (armour currently unavailable)
rPois   x          Reflect  .   (helmet currently unavailable)
rElec   .          Harm     .   (cloak currently unavailable)
rCorr   .          Rampage  .   (gloves unavailable)
Will    .....                   (boots unavailable)
Stlth   ++........              (no amulet)
HPRegen 0.14/turn               h - +6 ring of dexterity
MPRegen 0.11/turn               (no ring)

@: about to teleport, spider-form (expiring)
A: venomous fangs, tiny, unfitting armour, (tough skin 1)
a: End Transformation


You were on level 5 of the Dungeon.
You were a venomous arachnid creature.
You visited 1 branch of the dungeon, and saw 4 of its levels.

You collected 70 gold pieces.

Inventory:

Missiles
 b - 32 bolts
 c - a throwing net {!f}
 d - 82 stones (quivered)
 f - 68 sling bullets
 g - 14 poisoned darts
Armour
 a - a +0 robe (melded)
Magical Staves
 l - a staff of earth
Jewellery
 h - a +6 ring of dexterity (left front leg)
Wands
 n - a wand of iceblast (7) {@v4}
Scrolls
 i - a scroll of identify {@r1}
 j - a scroll of enchant weapon
 k - 2 scrolls of teleportation {@r3}
Potions
 e - a potion of haste {@q3}
 m - a potion of heal wounds {unknown}


   Skills:
 - Level 2.5 Fighting
 - Level 1.7 Dodging
 - Level 3.5 Unarmed Combat
 - Level 3.0 Spellcasting
 + Level 2.5 Transmutations
 + Level 1.3 Poison Magic


You had 5 spell levels left.
You knew the following spells:

 Your Spells              Type           Power      Damage    Failure   Level
a - Beastly Appendage     Tmut           18%        N/A       19%         1
b - Spider Form           Tmut/Pois      4%         N/A       47%         3

Your spell library contained the following spells:

 Spells                   Type           Power      Damage    Failure   Level
 Wereblood                Tmut           9%         N/A       26%         2
 Corpse Rot               Necr/Air       N/A        N/A       52%         2
 Ice Form                 Ice/Tmut       6%         N/A       89%         4
 Dispel Undead            Necr           2%         3d7       97%         4
 Death Channel            Necr           1%         N/A       100%        6


Dungeon Overview and Level Annotations

Branches:
Dungeon (3/15)

Altars:


Innate Abilities, Weirdness & Mutations

You are a venomous arachnid creature.
You have poisonous fangs.
You are tiny and dextrous.
Your spellcasting is less reliable in this form.
Your armour is entirely melded.
You are incapable of wielding weapons or throwing items.
You are too large for most types of armour.
((You have tough skin. (AC +1)))


Message History

Confirm with . or Enter, or press ? or * to list all spells.
The spell is quite dangerous to cast (26% risk of failure)!
Continue anyway?
You turn into a venomous arachnid creature.
Your +0 robe melds into your body.
You hit the ice beast.
The ice beast is lightly wounded.
The ice beast hits you. The ice beast freezes you!
You hit the ice beast.
The ice beast is moderately wounded.
The ice beast hits you. The ice beast freezes you.
You hit the ice beast.
The ice beast is moderately wounded.
The ice beast misses you.
You barely miss the ice beast.
The ice beast is moderately wounded.
You barely miss the ice beast.
The ice beast is moderately wounded.
The ice beast hits you but does no damage.
You hit the ice beast but do no damage.
The ice beast is moderately wounded.
The ice beast closely misses you.
You hit the ice beast.
The ice beast is heavily wounded.
The ice beast hits you. The ice beast freezes you!
You are too injured to fight recklessly!
You are too injured to fight recklessly!
You hit the ice beast but do no damage.
The ice beast is poisoned.
The ice beast is heavily wounded.
The ice beast misses you.
You hit the ice beast but do no damage.
The ice beast is heavily wounded.
The ice beast barely misses you.
You barely miss the ice beast.
The ice beast is heavily wounded.
The ice beast hits you. The ice beast freezes you!
* * * LOW HITPOINT WARNING * * *
Your transformation is almost over.
As you read the scroll of teleportation {@r3}, it crumbles to dust.
You feel strangely unstable. The ice beast hits you.
You die...

##... . .....
..##.... . ......
#.# |...# ... #
#..# ...
#..#.#..#####.##...
#.........Ys.......
###[##...$........
#.......##...
#.......... #
#.......###
#.......#
#.........
##########


You could see an ice beast (very poisoned).

Vanquished Creatures
  A jelly (D:5)
  4 adders (D:2)
  A worm (D:3)
  An orc (D:3)
  6 bats
  2 endoplasms (D:1)
  3 hobgoblins
  3 kobolds
  5 ball pythons
  3 frilled lizards
  4 goblins
  4 rats
37 creatures vanquished.

Vanquished Creatures (others)
  A plant (D:1)
1 creature vanquished.

Grand Total: 38 creatures vanquished

Notes
Turn   | Place    | Note
-------+----------+-------------------------------------------
     0 | D:1      | Zenkrye the Ogre Transmuter began the quest for the Orb.
     0 | D:1      | Reached XP level 1. HP: 19/19 MP: 3/3
   233 | D:1      | Reached XP level 2. HP: 23/28 MP: 3/5
   665 | D:1      | Found a faded altar of an unknown god.
   999 | D:2      | Reached XP level 3. HP: 31/36 MP: 4/6
  1005 | D:2      | Learned a level 3 spell: Spider Form
  1500 | D:2      | Reached XP level 4. HP: 44/44 MP: 6/8
  1708 | D:3      | Reached skill level 1 in Poison Magic
  1778 | D:3      | You fall into a shaft and drop 2 floors!
  1778 | D:5      | Entered Level 5 of the Dungeon
  1909 | D:5      | Noticed an ice beast
  1926 | D:5      | Slain by an ice beast

Illustrated notes

Levels and vault maps discovered:
D:1:      eino_arrival_water_cross, layout_rooms,
          chequers_ecumenical_altar_lobes, st_stairs_14
D:2:      layout_basic
D:3:      layout_basic
D:5:      layout_loops_cross, mainiacjoe_overflow_brackets,
          portal_sewer_entry_e, uniq_duvessa, uniq_sigmund

Skill      XL: |  1  2  3  4 |
---------------+-------------+-----
Unarmed Combat | 3 |  3.5
Fighting       | 2 |  2.5
Transmutations | 2 |  2.5
Poison Magic   | 1 |  1.3
Spellcasting   | 3 |  3.0
Dodging        | |  1.7

Action                   |  1- 3 |  4- 6 || total
-------------------------+-------+-------++-------
Melee: Unarmed           |    93 |    28 ||   121
       Headbutt          |     8 |       ||     8
       Kick              |    10 |       ||    10
       Punch             |     2 |       ||     2
Throw: Stone             |     6 |     2 ||     8
 Cast: Beastly Appendage |    19 |     1 ||    20
       Spider Form       |       |     4 ||     4
  Use: Scroll            |       |     4 ||     4
 Stab: Sleeping          |     1 |       ||     1
Armor: Robe              |    36 |       ||    36
       Skin              |       |     2 ||     2
Dodge: Dodged            |    58 |    18 ||    76

Table legend: (Time is in decaauts)
 A = Elapsed time spent in this place.
 B = Non-inter-level travel time spent in this place.
 C = Inter-level travel time spent in this place.
 D = Time resting spent in this place.
 E = Time spent auto-exploring this place.
 F = Levels seen in this place.
 G = Mean time per level.
                   A        B        C        D        E       F      G
               +--------+--------+--------+--------+--------+-----+--------+
         Total |   1918 |   1873 |     45 |      0 |   1516 |   4 |  479.5 |
       Dungeon |   1918 |   1873 |     45 |      0 |   1516 |   4 |  479.5 |
               +--------+--------+--------+--------+--------+-----+--------+

Top non-repeatable levels by time:
     D:2: 927 daAuts
     D:1: 704 daAuts
     D:5: 146 daAuts
     D:3: 140 daAuts
